 Dungeon Crawl Stone Soup version 0.16.0-16-g311141a (webtiles) character file.

8346 Ladykiller69 the Destroyer (level 10, -2/69 HPs)
             Began as a Demigod Wizard on Mar 19, 2015.
             Slain by an unseen horror (10 damage)
             ... on level 10 of the Dungeon.
             The game lasted 01:20:44 (10865 turns).

Ladykiller69 the Destroyer (Demigod Wizard)        Turns: 10865, Time: 01:20:44

Health: -2/69      AC:  7    Str: 10    XL:     10   Next: 82%
Magic:  10/27      EV: 13    Int: 24    God:
Gold:   703        SH:  0    Dex: 18    Spells: 5 memorised, 10 levels left

rFire  . . .     SeeInvis .     s - +1 halberd (protect)
rCold  . . .     Clarity  +     a - +0 robe
rNeg   . . .     SustAb   +     (no shield)
rPois  .         Gourm    .     b - +0 hat
rElec  .         Spirit   .     (no cloak)
rCorr  .         Warding  .     (no gloves)
rMut   .         Stasis   .     (no boots)
MR     +....                    S - amulet of clarity
Stlth  ++........               J - ring of invisibility
                                v - ring of wizardry

@: about to teleport, somewhat resistant to hostile enchantments, unstealthy
A: sustain abilities
a: Evoke Invisibility


You were on level 10 of the Dungeon.
You were hungry.

You visited 3 branches of the dungeon, and saw 12 of its levels.
You also visited: Labyrinth and Bailey.

You collected 882 gold pieces.
You spent 179 gold pieces at shops.

Inventory:

Hand weapons
 e - a +0 club
 k - a +0 short sword
 s - a +1 halberd of protection (weapon)
Armour
 a - a +0 robe (worn)
 b - a +0 hat (worn)
Magical staves
 O - a cursed staff of power
Rods
 W - a +2 rod of ignition (12/12)
   (You found it in a labyrinth)
 X - a +6 rod of ignition (13/13)
   (You found it in a labyrinth)
Jewellery
 v - a ring of wizardry (left hand)
 C - an uncursed amulet of rage
 F - an uncursed ring of protection from magic
 J - a ring of invisibility (right hand)
 M - an uncursed amulet of regeneration
 N - an uncursed ring of positive energy
 S - an amulet of clarity (around neck)
 V - a +3 ring of protection
Magical devices
 q - a wand of heal wounds (0)
 z - a wand of flame (20)
 E - a wand of polymorph (16)
 G - a wand of digging (9)
 H - a wand of slowing (23)
 T - a wand of paralysis (15)
 U - a wand of frost (22)
Scrolls
 f - a scroll of enchant weapon {unknown}
 h - 4 scrolls of enchant armour {unknown}
 j - 2 scrolls of teleportation
 n - 15 scrolls of identify
 o - 7 scrolls of remove curse
 w - 4 scrolls of magic mapping
 x - a scroll of recharging {unknown}
 y - 3 scrolls of noise {unknown}
 D - a scroll of blinking
 I - a scroll of summoning {unknown}
 P - a scroll of holy word {unknown}
Potions
 g - a potion of curing
 i - 3 potions of haste {unknown}
 l - 2 potions of heal wounds {unknown}
 p - 3 potions of poison {unknown}
 r - a potion of ambrosia {unknown}
 t - 2 potions of cure mutation {unknown}
 u - a potion of magic {unknown}
 A - 2 potions of cancellation {unknown}
 B - 2 potions of restore abilities {unknown}
 K - 2 potions of might {unknown}
 L - 2 potions of resistance
Books
 c - a book of Minor Magic

   Spells                             Type                      Level
   a - Magic Dart                     Conjuration                  1
   b - Blink                          Translocation                2
   c - Call Imp                       Summoning                    2
   d - Repel Missiles                 Charms/Air                   2
   e - Slow                           Hexes                        2
   f - Conjure Flame                  Conjuration/Fire             3
   g - Mephitic Cloud                 Conjuration/Poison/Air       3
 Q - a book of Necromancy

   Spells                             Type                      Level
   a - Pain                           Necromancy                   1
   b - Animate Skeleton               Necromancy                   1
   c - Vampiric Draining              Necromancy                   3
   d - Regeneration                   Charms/Necromancy            3
   e - Animate Dead                   Necromancy                   4
   f - Control Undead                 Necromancy                   4
 R - a book of Clouds

   Spells                             Type                      Level
   a - Mephitic Cloud                 Conjuration/Poison/Air       3
   b - Conjure Flame                  Conjuration/Fire             3
   c - Poisonous Cloud                Conjuration/Poison/Air       6
   d - Freezing Cloud                 Conjuration/Ice/Air          6
   e - Ring of Flames                 Charms/Fire                  7
Miscellaneous
 Y - a lantern of shadows
Comestibles
 d - 11 bread rations
 m - 4 meat rations


   Skills:
 * Level 8.5 Polearms
 + Level 2.4 Dodging
 - Level 2.2 Stealth
 + Level 6.2 Spellcasting
 * Level 9.7 Conjurations
 - Level 4.1 Charms
   Level 0.8 Summonings
 - Level 2.0 Translocations
 - Level 2.0 Fire Magic
 - Level 2.0 Air Magic
 - Level 2.0 Poison Magic


You had 10 spell levels left.
You knew the following spells:

 Your Spells              Type           Power        Failure   Level  Hunger
a - Magic Dart            Conj           ####         1%          1    None
b - Blink                 Tloc           N/A          2%          2    None
c - Conjure Flame         Conj/Fire      #####...     1%          3    None
d - Mephitic Cloud        Conj/Pois/Air  ####....     1%          3    None
e - Repel Missiles        Chrm/Air       ###...       1%          2    None


Dungeon Overview and Level Annotations

Branches:
Dungeon (10/15)            Temple (1/1) D:6            Lair (1/8) D:8
    Orc: D:9-12

Shops:
D:5 ?   D:8 ?

Annotations:
D:3 Ijyb


Innate Abilities, Weirdness & Mutations

Your attributes are resistant to harm.


Message History

Aiming: Magic Dart
Press: ? - help, Shift-Dir - straight line, f - hill giant
Aim: a hill giant, wielding a giant club (severely wounded)
The magic dart hits something.
Something hits you.
* * * LOW HITPOINT WARNING * * *
Something hits you but does no damage.
Drink which item? (? for menu, Esc to quit)
You feel better. Something hits you!
* * * LOW HITPOINT WARNING * * *
Something hits you but does no damage.
Put on which piece of jewellery? (? for menu, Esc to quit)
Okay, then.
Drink which item? (? for menu, Esc to quit)
You feel better. Something hits you but does no damage.
Something hits you but does no damage.
Read which item? (? for menu, Esc to quit)
As you read the scroll of teleportation, it crumbles to dust.
You feel strangely unstable. Something hits you but does no damage.
Something hits you!
You die...

#.# #.# #....... #.#
#.# #..##.#. #.# #.#
#..##.§. #.# #.#
#..##§## #.#
#.####..##.## #.#
#............ #.#
######.....#.
#.############..####.
#...@./§C.......#
##############.##
#... #####


You could see a hill giant.

Vanquished Creatures
  A minotaur (Lab)
  A fire drake (D:8)
  A minotaur skeleton (Lab)
  A spriggan (D:7)
  7 yaks
  3 hungry ghosts
  A hippogriff (D:9)
  2 water moccasins
  7 orc warriors
  6 phantoms
  A black bear (D:9)
  2 ice beasts
  4 sky beasts
  A necrophage (D:8)
  4 ogres
  6 centaurs
  Sigmund (D:5)
  6 giant frogs
  A scorpion (D:7)
  12 killer bees
  4 jellies
  2 giant frog zombies
  2 electric eels (D:9)
  6 orc priests
  A centaur skeleton (D:8)
  3 crimson imps
  3 goliath beetles
  7 hounds
  4 iguanas
  9 worker ants
  6 orc wizards
  A hound zombie (D:6)
  A worker ant zombie (D:9)
  13 adders
  10 gnolls
  Natasha (D:6)
  4 shadow imps
  A giant mite (D:4)
  3 worms
  An adder zombie (D:6)
  An adder skeleton (D:9)
  2 giant geckos
  4 oozes
  29 orcs
  A ball python (D:3)
  19 bats
  6 giant cockroaches
  15 goblins
  23 hobgoblins
  10 jackals
  6 quokkas
  A giant cockroach zombie (D:5)
  2 giant gecko skeletons
  7 giant newts
  3 giant spores
  33 kobolds
  19 rats
  9 ballistomycetes
340 creatures vanquished.

Vanquished Creatures (collateral kills)
  A killer bee (D:8)
1 creature vanquished.

Vanquished Creatures (others)
  A sky beast (D:6)
  Natasha (twice) (D:6)
  An orc (D:8)
  2 jackals (D:6)
  A giant spore (D:6)
7 creatures vanquished.

Grand Total: 348 creatures vanquished

Notes
Turn   | Place    | Note
--------------------------------------------------------------
     0 | D:1      | Ladykiller69, the Demigod Wizard, began the quest for the Orb.
     0 | D:1      | Reached XP level 1. HP: 14/14 MP: 4/4
    45 | D:1      | Reached skill level 1 in Conjurations
   564 | D:1      | Reached XP level 2. HP: 20/20 MP: 0/6
   571 | D:1      | Learned a level 2 spell: Blink
  1329 | D:2      | Reached skill level 3 in Spellcasting
  1329 | D:2      | Reached XP level 3. HP: 20/26 MP: 0/9
  1816 | D:2      | Learned a level 3 spell: Conjure Flame
  2339 | D:3      | Reached XP level 4. HP: 30/33 MP: 8/12
  2347 | D:3      | Noticed a sky beast
  2452 | D:3      | Noticed Ijyb
  2481 | D:2      | Learned a level 3 spell: Mephitic Cloud
  2668 | D:3      | Found a deep blue altar of Sif Muna.
  2767 | D:3      | Killed a sky beast
  2767 | D:3      | Reached skill level 4 in Conjurations
  2767 | D:3      | Reached XP level 5. HP: 38/38 MP: 3/14
  2859 | D:4      | Found a stormy altar of Qazlal.
  3230 | D:3      | Reached skill level 1 in Translocations
  3638 | D:4      | Found a shimmering altar of Xom.
  3799 | D:4      | Noticed a phantom
  3924 | D:4      | Noticed a phantom
  3927 | D:4      | Reached XP level 6. HP: 29/45 MP: 1/17
  4150 | D:4      | Killed a phantom
  4150 | D:4      | Reached skill level 1 in Polearms
  4150 | D:4      | Reached skill level 5 in Conjurations
  4215 | D:4      | Reached skill level 1 in Air Magic
  4215 | D:4      | Reached skill level 1 in Poison Magic
  4275 | D:4      | Reached skill level 1 in Fire Magic
  4694 | D:5      | Entered Level 5 of the Dungeon
  4694 | D:5      | Noticed Sigmund
  4704 | D:5      | Killed Sigmund
  4710 | D:5      | Reached XP level 7. HP: 41/50 MP: 14/19
  4831 | D:5      | You fall through a shaft!
  4838 | D:5      | Found Froptie's Magic Scroll Shoppe.
  4876 | D:5      | Bought a scroll of blinking for 82 gold pieces
  4876 | D:5      | Bought a scroll of teleportation for 33 gold pieces
  4876 | D:5      | Bought a scroll of identify for 22 gold pieces
  4892 | D:5      | Learned a level 2 spell: Repel Missiles
  4920 | D:5      | Found a shattered altar of Ashenzari.
  5262 | D:4      | Killed a phantom
  5356 | D:5      | Found a white marble altar of Elyvilon.
  6059 | D:6      | Reached skill level 6 in Conjurations
  6059 | D:6      | Reached XP level 8. HP: 22/57 MP: 4/20
  6203 | D:6      | Found a snail-covered altar of Cheibriados.
  6376 | D:6      | Found a staircase to the Ecumenical Temple.
  6376 | D:6      | Noticed Natasha
  6384 | D:6      | Killed Natasha
  6394 | Temple   | Entered the Ecumenical Temple
  6666 | D:6      | Noticed Natasha
  6670 | D:6      | Killed Natasha
  6688 | D:6      | Killed Natasha
  7002 | D:7      | Reached skill level 5 in Polearms
  7002 | D:7      | Reached skill level 7 in Conjurations
  7216 | D:7      | Reached skill level 1 in Charms
  7330 | D:7      | Reached XP level 9. HP: 62/62 MP: 14/23
  7401 | D:7      | Found a glowing golden altar of the Shining One.
  7532 | D:8      | Found Shafef's Magic Scroll Emporium.
  7537 | D:8      | Bought a scroll of remove curse for 42 gold pieces
  7541 | D:8      | Found a staircase to the Lair.
  7631 | D:8      | Reached skill level 5 in Spellcasting
  7740 | D:8      | Found a flagged portal.
  7834 | Bailey   | Entered a bailey
  8000 | Bailey   | Found a burning altar of Makhleb.
  8009 | Bailey   | Reached skill level 8 in Conjurations
  8538 | Lair:1   | Entered Level 1 of the Lair of Beasts
  8580 | Lair:1   | Reached XP level 10. HP: 34/69 MP: 3/26
  8586 | Lair:1   | Found a labyrinth entrance.
  8592 | Lair:1   | Noticed a komodo dragon
  8595 | Lab      | Entered a labyrinth
  9150 | Lab      | Reached skill level 9 in Conjurations
  9327 | Lab      | Noticed a minotaur
  9342 | Lab      | Killed a minotaur
  9456 | Lair:1   | Noticed a spiny frog
 10543 | D:10     | Entered Level 10 of the Dungeon
 10823 | D:10     | Noticed a hill giant
 10862 | D:10     | HP: 2/69 [something (10)]
 10865 | D:10     | Slain by an unseen horror

Action                   |  1- 3 |  4- 6 |  7- 9 | 10-12 || total
-------------------------+-------+-------+-------+-------++-------
Melee: Unarmed           |     8 |       |       |       ||     8
       Short sword       |     7 |     4 |       |       ||    11
       Halberd           |       |    66 |   318 |   131 ||   515
 Cast: Magic Dart        |   135 |   100 |   126 |    57 ||   418
       Conjure Flame     |       |     8 |    55 |    41 ||   104
       Mephitic Cloud    |       |    13 |    40 |    32 ||    85
       Blink             |       |     5 |    25 |    16 ||    46
       Repel Missiles    |       |       |     1 |       ||     1
Evoke: Wand              |       |       |       |     3 ||     3
  Use: Scroll            |       |       |     3 |     2 ||     5
       Potion            |       |       |       |     4 ||     4
 Stab: Confused          |       |     6 |    16 |    10 ||    32
       Sleeping          |       |       |     6 |     2 ||     8
       Distracted        |       |       |     2 |       ||     2
  Eat: Chunk             |     4 |     8 |    16 |     5 ||    33
       Pizza             |       |       |     1 |       ||     1
       Beef jerky        |       |       |     1 |       ||     1
       Meat ration       |       |       |       |     1 ||     1
